NWL (28 & UNDER)
RED DEER WRANGLERS @ BISMARK BORDER GUARDS
04/30/2025
 
TOP OF THE 1ST
Red Deer Wranglers batting - Pitching for Bismark Border Guards : RHP Esteban Corona
Pitching: RHP Esteban Corona
Batting: LHB Enrico Vargas 0-0: Called Strike
0-1: SINGLE (Groundball, 34D)
Batting: RHB Paul Swift 0-0: Called Strike
0-1: Ball
1-1: Swinging Strike
1-2: Foul Ball, location: 2F
1-2: Ball
2-2: Strikes out looking
Batting: RHB Todd Bryant 0-0: Ball
1-0: Ball
Enrico Vargas is caught stealing 2nd base
2-0: SINGLE (Line Drive, 34D)
Batting: LHB Greg Nelson 0-0: Called Strike
Todd Bryant steals 2nd base
0-1: Swinging Strike
0-2: Foul Ball, location: 2F
0-2: Foul Ball, location: 2F
0-2: Ground out 4-3 (Groundball, 4)
Top of the 1st over - 0 run(s), 2 hit(s), 0 error(s), 1 left on base; Red Deer 0 - Bismark 0
BOTTOM OF THE 1ST
Bismark Border Guards batting - Pitching for Red Deer Wranglers : RHP William Bryant
Pitching: RHP William Bryant
Batting: RHB Tomás Carranza 0-0: Bunt for hit - play at first, batter OUT! 1-3
Batting: RHB José Cintrón 0-0: Foul Ball, location: 2F
0-1: Ball
1-1: Ball
2-1: Called Strike
2-2: Ball
3-2: Fly out, F7 (Flyball, 78D)
Batting: RHB José Gómez 0-0: Swinging Strike
0-1: Foul Ball, location: 2F
0-2: Ball
1-2: Ball
2-2: Strikes out swinging
Bottom of the 1st over - 0 run(s), 0 hit(s), 0 error(s), 0 left on base; Red Deer 0 - Bismark 0
TOP OF THE 2ND
Red Deer Wranglers batting - Pitching for Bismark Border Guards : RHP Esteban Corona
Batting: RHB Orlando Núñes 0-0: Ball
1-0: Reached on error, E4 (Groundball, 4)
Batting: RHB Eric Neal 0-0: SINGLE (Line Drive, 78M)
Orlando Núñes to second
Batting: LHB Jorge Olvera 0-0: Swinging Strike
0-1: Ball
1-1: Ball
2-1: Called Strike
2-2: Strikes out swinging
Batting: RHB John McDonald 0-0: Ball
1-0: Fly out, F8 (Flyball, 8RS)
Batting: RHB Tom Rowe 0-0: Called Strike
0-1: Swinging Strike
0-2: Ball
1-2: Ball
2-2: Strikes out swinging
Top of the 2nd over - 0 run(s), 1 hit(s), 1 error(s), 2 left on base; Red Deer 0 - Bismark 0
BOTTOM OF THE 2ND
Bismark Border Guards batting - Pitching for Red Deer Wranglers : RHP William Bryant
Batting: SHB Glenn Vadnais 0-0: Called Strike
0-1: Ball
1-1: Called Strike
1-2: Ball
2-2: Ball
3-2: Fly out, F7 (Flyball, 7D)
Batting: LHB Rusty Herbert 0-0: SOLO HOME RUN (Line Drive, 9D), Distance : 374 ft
Batting: RHB Chris Parker 0-0: Ball
1-0: Ball
2-0: Called Strike
2-1: Called Strike
2-2: Fly out, F9 (Flyball, 89S)
Batting: RHB Mike Wright 0-0: Ball
1-0: Called Strike
1-1: Ball
2-1: SOLO HOME RUN (Line Drive, 7D), Distance : 368 ft
Batting: RHB Enrico Rodríguez 0-0: Foul Ball, location: 2F
0-1: Ball
1-1: Ball
2-1: SINGLE (Line Drive, 4MD)
Batting: LHB Norbert Mosley 0-0: Foul Ball, location: 2F
0-1: Ball
1-1: Called Strike
1-2: Strikes out looking
Bottom of the 2nd over - 2 run(s), 3 hit(s), 0 error(s), 1 left on base; Red Deer 0 - Bismark 2
TOP OF THE 3RD
Red Deer Wranglers batting - Pitching for Bismark Border Guards : RHP Esteban Corona
Batting: LHB Enrico Vargas 0-0: Called Strike
0-1: Ball
1-1: Ball
2-1: Foul Ball, location: 2F
2-2: Ball
3-2: Foul Ball, location: 2F
3-2: Base on Balls
Batting: RHB Paul Swift 0-0: Ball
1-0: Ball
2-0: Called Strike
2-1: Foul Ball, location: 2F
2-2: Foul Ball, location: 2F
2-2: Strikes out looking
Batting: RHB Todd Bryant 0-0: Ball
1-0: Foul Ball, location: 2F
1-1: Ball
2-1: Reached on error, E1 (Groundball, 34S)
Enrico Vargas to third
Batting: LHB Greg Nelson 0-0: Ball
1-0: Ball
2-0: Fly out, F9 (Line Drive, 9M)
Runner from 3rd tags up, SCORES, no throw
Batting: RHB Orlando Núñes 0-0: Ball
1-0: Swinging Strike
1-1: Foul Ball, location: 2F
1-2: Foul Ball, location: 2F
1-2: Strikes out swinging
Top of the 3rd over - 1 run(s), 0 hit(s), 1 error(s), 1 left on base; Red Deer 1 - Bismark 2
BOTTOM OF THE 3RD
Bismark Border Guards batting - Pitching for Red Deer Wranglers : RHP William Bryant
Batting: RHB Tomás Carranza 0-0: Ball
1-0: Ball
2-0: SINGLE (Flyball, 89S)
Batting: RHB José Cintrón 0-0: Ball
1-0: Ball
2-0: Ball
3-0: Called Strike
3-1: Base on Balls
Tomás Carranza to second
Batting: RHB José Gómez 0-0: Ball
1-0: Swinging Strike
1-1: Fly out, F9 (Flyball, 89D)
Runner from 2nd tags up, SAFE at 3rd, no throw
Batting: SHB Glenn Vadnais 0-0: Called Strike
0-1: Ball
1-1: Ball
2-1: Swinging Strike
2-2: Foul Ball, location: 2F
2-2: Ball
3-2: Strikes out swinging
Batting: LHB Rusty Herbert 0-0: Ball
1-0: Fielders Choice at 2nd, 5-4 (Groundball, 56)
Bottom of the 3rd over - 0 run(s), 1 hit(s), 0 error(s), 1 left on base; Red Deer 1 - Bismark 2
TOP OF THE 4TH
Red Deer Wranglers batting - Pitching for Bismark Border Guards : RHP Esteban Corona
Batting: RHB Eric Neal 0-0: Called Strike
0-1: Ball
1-1: Ball
2-1: Foul Ball, location: 2F
2-2: Ball
3-2: Foul Ball, location: 2F
3-2: Strikes out swinging
Batting: LHB Jorge Olvera 0-0: Ball
1-0: Foul Ball, location: 2F
1-1: Foul Ball, location: 2F
1-2: Strikes out looking
Batting: RHB John McDonald 0-0: Swinging Strike
0-1: Foul Ball, location: 2F
0-2: Hit by Pitch
Batting: RHB Tom Rowe 0-0: Ground out 1-3 (Groundball, 13)
Top of the 4th over - 0 run(s), 0 hit(s), 0 error(s), 1 left on base; Red Deer 1 - Bismark 2
BOTTOM OF THE 4TH
Bismark Border Guards batting - Pitching for Red Deer Wranglers : RHP William Bryant
Batting: RHB Chris Parker 0-0: Ball
1-0: Ball
2-0: Ball
3-0: Base on Balls
Batting: RHB Mike Wright 0-0: Ball
Throwing error on steal attempt, E2
Chris Parker to third
1-0: Ball
2-0: Ball
3-0: Base on Balls
Batting: RHB Enrico Rodríguez 0-0: Called Strike
0-1: Ground out 4-3 (Groundball, 13)
Chris Parker scores
Mike Wright to second
Batting: LHB Norbert Mosley 0-0: Ball
1-0: Foul Ball, location: 2F
1-1: SINGLE (Groundball, 6MD)
Mike Wright to third
Runner from 3rd tries for Home, SAFE, no throw or cutoff
Batting: RHB Tomás Carranza 0-0: Called Strike
Norbert Mosley steals 2nd base
0-1: Ball
1-1: DOUBLE (Line Drive, 7LS)
Norbert Mosley scores
Batting: RHB José Cintrón 0-0: Called Strike
0-1: Swinging Strike
0-2: Fly out, F8 (Flyball, 8LM)
Batting: RHB José Gómez 0-0: Called Strike
0-1: Ball
1-1: SINGLE (Groundball, 6M)
Tomás Carranza to third
Runner from 3rd tries for Home, SAFE, no throw or cutoff
Batting: SHB Glenn Vadnais 0-0: Called Strike
0-1: DOUBLE (Flyball, 8RXD)
José Gómez to third
Batting: LHB Rusty Herbert 0-0: Foul Ball, location: 2F
0-1: Ball
1-1: Fly out, F9 (Flyball, 89S)
Bottom of the 4th over - 4 run(s), 4 hit(s), 1 error(s), 2 left on base; Red Deer 1 - Bismark 6
TOP OF THE 5TH
Red Deer Wranglers batting - Pitching for Bismark Border Guards : RHP Esteban Corona
Batting: LHB Enrico Vargas 0-0: Ball
1-0: Foul Ball, location: 2F
1-1: Foul Ball, location: 2F
1-2: Foul Ball, location: 2F
1-2: Ball
2-2: Foul Ball, location: 2F
2-2: Ball
3-2: Base on Balls
Batting: RHB Paul Swift 0-0: Ball
1-0: Grounds into double play, 5-4-3 (Groundball, 5)
Batting: RHB Todd Bryant 0-0: Called Strike
0-1: Foul Ball, location: 2F
0-2: Ball
1-2: Foul Ball, location: 2F
1-2: Foul Ball, location: 2F
1-2: Ball
2-2: Foul Ball, location: 2F
2-2: Ball
3-2: Fly out, F8 (Flyball, 8RD)
Top of the 5th over - 0 run(s), 0 hit(s), 0 error(s), 0 left on base; Red Deer 1 - Bismark 6
BOTTOM OF THE 5TH
Bismark Border Guards batting - Pitching for Red Deer Wranglers : RHP William Bryant
Batting: RHB Chris Parker 0-0: Ball
1-0: DOUBLE (Line Drive, 8LS)
Batting: RHB Mike Wright 0-0: Foul Ball, location: 2F
0-1: Ground out 3-1 (Groundball, 34)
Chris Parker to third
Batting: RHB Enrico Rodríguez 0-0: Ball
1-0: Called Strike
1-1: Ball
2-1: Ball
3-1: Called Strike
3-2: Foul Ball, location: 2F
3-2: Foul Ball, location: 2F
3-2: Foul Ball, location: 2F
3-2: Base on Balls
Pitching: RHP Jeffery Lockhart
Batting: LHB Norbert Mosley 0-0: Called Strike
0-1: Ball
1-1: SINGLE (Groundball, 34D)
Chris Parker scores
Enrico Rodríguez to second
Runner from 2nd tries for 3rd, SAFE, throw made to third
Norbert Mosley to second
Batting: RHB Tomás Carranza 0-0: Ground out 1-3 (Groundball, 25)
Batting: RHB José Cintrón 0-0: Ball
1-0: SINGLE (Groundball, 34D)
Enrico Rodríguez scores
Norbert Mosley to third
Runner from 3rd tries for Home, SAFE, no throw or cutoff
Batting: RHB José Gómez 0-0: SINGLE (Line Drive, 8LS)
José Cintrón to second
Batting: SHB Glenn Vadnais 0-0: Ground out 4-3 (Groundball, 4)
Bottom of the 5th over - 3 run(s), 4 hit(s), 0 error(s), 2 left on base; Red Deer 1 - Bismark 9
TOP OF THE 6TH
Red Deer Wranglers batting - Pitching for Bismark Border Guards : RHP Esteban Corona
Batting: LHB Greg Nelson 0-0: SINGLE (Groundball, 4MD)
Batting: RHB Orlando Núñes 0-0: Called Strike
0-1: Ball
1-1: Ball
2-1: Fly out, F4 (Popup, 3)
Batting: RHB Eric Neal 0-0: Called Strike
0-1: Ball
1-1: Foul Ball, location: 2F
1-2: Foul Ball, location: 2F
1-2: Fly out, F9 (Flyball, 9M)
Batting: LHB Jorge Olvera 0-0: Ball
1-0: Foul Ball, location: 2F
1-1: Ball
2-1: Ball
3-1: Foul Ball, location: 2F
3-2: Foul Ball, location: 2F
3-2: Strikes out looking
Top of the 6th over - 0 run(s), 1 hit(s), 0 error(s), 1 left on base; Red Deer 1 - Bismark 9
BOTTOM OF THE 6TH
Bismark Border Guards batting - Pitching for Red Deer Wranglers : RHP Jeffery Lockhart
Batting: LHB Rusty Herbert 0-0: Ball
1-0: Ground out 6-3 (Groundball, 6)
Batting: RHB Chris Parker 0-0: Called Strike
0-1: Foul Ball, location: 2F
0-2: Ball
1-2: Ball
2-2: Foul Ball, location: 2F
2-2: Ball
3-2: Base on Balls
Batting: RHB Mike Wright 0-0: Called Strike
Chris Parker is caught stealing 2nd base
0-1: Ball
1-1: Swinging Strike
1-2: Ball
2-2: SINGLE (Line Drive, 56D)
Batting: RHB Enrico Rodríguez 0-0: Called Strike
0-1: Fly out, F8 (Flyball, 8RD)
Bottom of the 6th over - 0 run(s), 1 hit(s), 0 error(s), 1 left on base; Red Deer 1 - Bismark 9
TOP OF THE 7TH
Red Deer Wranglers batting - Pitching for Bismark Border Guards : RHP Esteban Corona
Batting: RHB John McDonald 0-0: Ball
1-0: SINGLE (Groundball, 4MD)
Batting: RHB Tom Rowe 0-0: Called Strike
0-1: SINGLE (Groundball, 34D) (infield hit)
John McDonald to second
Pitching: RHP Royce Saunders
Batting: LHB Enrico Vargas 0-0: Called Strike
0-1: Called Strike
0-2: Ball
1-2: Ball
2-2: Fly out, F9 (Flyball, 89M)
Runner from 2nd tags up, SAFE at 3rd with throw
Batting: RHB Paul Swift 0-0: Ball
1-0: Ground out 5-3 (Groundball, 5S)
John McDonald scores
Tom Rowe to second
Batting: RHB Todd Bryant 0-0: Called Strike
0-1: Ball
1-1: Ball
2-1: Fly out, F5 (Line Drive, 56)
Top of the 7th over - 1 run(s), 2 hit(s), 0 error(s), 1 left on base; Red Deer 2 - Bismark 9
BOTTOM OF THE 7TH
Bismark Border Guards batting - Pitching for Red Deer Wranglers : RHP Jeffery Lockhart
Batting: LHB Norbert Mosley 0-0: Ball
1-0: Called Strike
1-1: Ball
2-1: Foul Ball, location: 2F
2-2: Ball
3-2: Foul Ball, location: 2F
3-2: Foul Ball, location: 2F
3-2: Base on Balls
Batting: RHB Tomás Carranza 0-0: Sac Bunt - play at first, batter OUT! 2-4
Norbert Mosley to second
Pitching: RHP Raúl Zumaya
Batting: RHB José Cintrón 0-0: Ball
1-0: Ball
2-0: Fly out, F8 (Line Drive, 8RM)
Batting: RHB José Gómez 0-0: Ball
1-0: Called Strike
1-1: Foul Ball, location: 2F
1-2: Strikes out looking
Bottom of the 7th over - 0 run(s), 0 hit(s), 0 error(s), 1 left on base; Red Deer 2 - Bismark 9
TOP OF THE 8TH
Red Deer Wranglers batting - Pitching for Bismark Border Guards : RHP Royce Saunders
Now at C: Alejandro Ramos
Batting: LHB Greg Nelson 0-0: Ball
1-0: Ball
2-0: Ground out 4-3 (Groundball, 4)
Batting: RHB Orlando Núñes 0-0: Ball
1-0: Ball
2-0: Called Strike
2-1: Ball
3-1: Base on Balls
Batting: RHB Eric Neal 0-0: Fly out, F8 (Line Drive, 8LD)
Runner from 1st tags up, SAFE at 2nd
Pinch Hitting: LHB Del Kennedy 0-0: Called Strike
0-1: Swinging Strike
0-2: Ball
1-2: Strikes out swinging
Top of the 8th over - 0 run(s), 0 hit(s), 0 error(s), 1 left on base; Red Deer 2 - Bismark 9
BOTTOM OF THE 8TH
Bismark Border Guards batting - Pitching for Red Deer Wranglers : RHP Raúl Zumaya
Now in CF: Del Kennedy
Batting: SHB Glenn Vadnais 0-0: Ball
1-0: Called Strike
1-1: Ball
2-1: Ball
3-1: Foul Ball, location: 2F
3-2: Ground out 1-3 (Groundball, 2L)
Batting: LHB Rusty Herbert 0-0: Ball
1-0: Foul Ball, location: 2F
1-1: Ball
2-1: Foul Ball, location: 2F
2-2: Foul Ball, location: 2F
2-2: Ball
3-2: Base on Balls
Batting: RHB Chris Parker 0-0: Called Strike
0-1: Called Strike
0-2: Ball
1-2: Ball
2-2: SINGLE (Groundball, 5L)
Rusty Herbert to second
Batting: RHB Mike Wright 0-0: Ball
1-0: Ball
2-0: Foul Ball, location: 2F
Reached via error on a dropped throw, E4
Rusty Herbert to third
Chris Parker to second
Batting: RHB Enrico Rodríguez 0-0: Called Strike
0-1: Ball
1-1: Called Strike
1-2: Ball
2-2: Ball
3-2: Strikes out swinging
Batting: LHB Norbert Mosley 0-0: GRAND SLAM HOME RUN (Flyball, 9D), Distance : 390 ft
Batting: RHB Tomás Carranza 0-0: Called Strike
0-1: Ground out 6-3 (Groundball, 6M)
Bottom of the 8th over - 4 run(s), 2 hit(s), 1 error(s), 0 left on base; Red Deer 2 - Bismark 13
TOP OF THE 9TH
Red Deer Wranglers batting - Pitching for Bismark Border Guards : RHP Royce Saunders
Now in LF: Nelson Peña
Pinch Hitting: SHB José López 0-0: Bunted foul
0-1: Ball
1-1: Ground out 4-3 (Groundball, 4)
Batting: RHB Tom Rowe 0-0: Ball
1-0: Foul Ball, location: 2F
1-1: Called Strike
1-2: SINGLE (Flyball, 8LS)
Batting: LHB Enrico Vargas 0-0: Ball
1-0: Called Strike
1-1: Ball
2-1: Called Strike
2-2: Strikes out swinging
Batting: RHB Paul Swift 0-0: Foul Ball, location: 2F
0-1: Called Strike
0-2: Ball
1-2: Foul Ball, location: 2F
1-2: Foul Ball, location: 2F
1-2: Strikes out swinging
Top of the 9th over - 0 run(s), 1 hit(s), 0 error(s), 1 left on base; Red Deer 2 - Bismark 13
This league is powered by Out of the Park Baseball, the baseball management simulation game for PC, Mac and Linux
Tuesday, August 2nd, 2016 - OOTP Baseball 16.8 Build 38